 Dungeon Crawl Stone Soup version 0.19-a0-1456-gc747e27 (webtiles) character file.

62 PurpleRed the Conjurer (level 3, 0/20 HPs)
             Began as a Deep Elf Conjurer on Sept 6, 2016.
             Slain by an orc (3 damage)
             ... on level 3 of the Dungeon.
             The game lasted 00:04:00 (457 turns).

PurpleRed the Conjurer (Deep Elf Conjurer)           Turns: 457, Time: 00:04:01

Health: 0/20       AC:  7    Str:  5    XL:     3   Next: 85%
Magic:  1/10       EV: 13    Int: 25    God:
Gold:   43         SH:  0    Dex: 15    Spells: 2 memorised, 7 levels left

rFire  . . .     SeeInvis .     i - +0 short sword
rCold  . . .     Gourm    .     a - +0 robe
rNeg   . . .     Faith    .     (no shield)
rPois  .         Spirit   .     (no helmet)
rElec  .         Dismiss  .     (no cloak)
rCorr  .         Reflect  .     n - +2 pair of gloves
MR     .....     Harm     .     (no boots)
Stlth  ++........               (no amulet)
                                (no ring)
                                j - +2 ring of protection

@: brilliant, about to teleport
A: no striking features
a: no special abilities


You were on level 3 of the Dungeon.
You were not hungry.

You visited 1 branch of the dungeon, and saw 3 of its levels.

You collected 43 gold pieces.

Inventory:

Hand Weapons
 e - a +0 club
 i - a +0 short sword (weapon)
Missiles
 d - 32 arrows
Armour
 a - a +0 robe (worn)
 n - a +2 pair of gloves (worn)
Jewellery
 j - a +2 ring of protection (left hand)
Scrolls
 f - a scroll of amnesia
 o - a scroll of immolation {unknown}
Books
 b - a book of Conjurations

   Spells                             Type                      Level
   a - Magic Dart                     Conjuration                  1
   b - Searing Ray                    Conjuration                  2
   c - Dazzling Spray                 Conjuration/Hexes            3
   d - Fulminant Prism                Conjuration/Hexes            4
   e - Iskenderun's Mystic Blast      Conjuration                  4
   f - Iskenderun's Battlesphere      Conjuration/Charms           5
Comestibles
 c - 2 bread rations


   Skills:
 + Level 0.5 Fighting
 - Level 2.4 Dodging
 - Level 2.4 Stealth
 + Level 4.2 Spellcasting
 * Level 5.3 Conjurations


You had 7 spell levels left.
You knew the following spells:

 Your Spells              Type           Power        Failure   Level  Hunger
a - Magic Dart            Conj           ####         1%          1    None
b - Searing Ray           Conj           #####.       1%          2    None


Dungeon Overview and Level Annotations

Branches:
Dungeon (3/15)

Altars:
Fedhas


Message History

Forget which spell ([?*] list [ESC] exit)?
Forget which spell ([?*] list [ESC] exit)?
Okay, then.
The orc misses you. The orc barely misses you.
As you read the scroll labeled BOROXY CUTHUY, it crumbles to dust.
You hear a loud clanging noise!
It was a scroll of noise.
You hear a shout! x4
The orc closely misses you.
As you read the scroll labeled USMUGU TIHOMN, it crumbles to dust.
It is a scroll of identify.
l - a scroll of teleportation The orc closely misses you.
The orc barely misses you.
As you read the scroll of teleportation, it crumbles to dust.
You feel strangely unstable. The orc barely misses you. The orc hits you.
* * * LOW HITPOINT WARNING * * *
As you read the scroll labeled KYUVIBR BOYNT, it crumbles to dust.
You feel blessed for a moment.
It was a scroll of remove curse.
The orc hits you but does no damage. The orc hits you.
You die...

#.##..# .....
##.##..##....
#.!##..#..#
#.####..?# #)#
##..### #o# ##...#
#o# #..#.### #o#
###......# #@#
#.o.##.#.# #o###.###
..... #.#...# ....>
###...### ##...
##.<..## ### #....##
##...######
##...)o..##########.
#.#####..o.).....o.


You could see 4 orcs.

Vanquished Creatures
  3 adders
  A worm (D:2)
  2 dart slugs (D:1)
  2 orcs (D:3)
  2 giant cockroaches (D:2)
  5 hobgoblins
  4 kobolds
  A bat (D:1)
  A giant newt (D:2)
  3 goblins
  3 rats
27 creatures vanquished.

Notes
Turn   | Place    | Note
-------+----------+-------------------------------------------
     0 | D:1      | PurpleRed the Deep Elf Conjurer began the quest for the Orb.
     0 | D:1      | Reached XP level 1. HP: 10/10 MP: 6/6
    62 | D:2      | Reached XP level 2. HP: 13/15 MP: 0/8
    71 | D:2      | Found a blossoming altar of Fedhas.
   171 | D:1      | Reached skill level 5 in Conjurations
   220 | D:1      | Reached XP level 3. HP: 18/19 MP: 1/10
   259 | D:2      | Learned a level 2 spell: Searing Ray
   457 | D:3      | Slain by an orc

Vault maps used:
D:1:      zaba_arrival_water
D:2:      nicolae_dithmenos_through_a_glass_darkly,
          nicolae_overflow_crystal_walls
D:3:      nicolae_overflow_hidden_temple, lemuel_coloured_pillars_altar,
          first_bread, uniq_grinder

Skill      XL: |  1  2  3 |
---------------+----------+-----
Conjurations   | 5 |  5.3
Spellcasting   | 4 |  4.2
Fighting       | |  0.5
Dodging        | |  2.4
Stealth        | |  2.4

Action                   || total
-------------------------++-------
Melee: Short sword       ||    16
 Cast: Magic Dart        ||    40
       Searing Ray       ||     3
  Use: Scroll            ||     5
       Potion            ||     1
Armor: Robe              ||     9
Dodge: Dodged            ||    34
